 Dungeon Crawl Stone Soup version 0.28.0-45-g0d030f2227 (webtiles) character file.

Game seed: 14050626750027107220

25 nickcage the Firebug (level 2, -1/15 HPs)
             Began as a Deep Elf Fire Elementalist on Apr 11, 2022.
             Slain by Jessica
             ... wielding a +0 dagger
              (3 damage)
             ... on level 2 of the Dungeon.
             The game lasted 00:03:04 (1020 turns).

nickcage the Firebug (Deep Elf Fire Elementalist)   Turns: 1020, Time: 00:03:05

Health: -1/15      AC:  2    Str: 11    XL:     2   Next: 86%
Magic:  4/8        EV: 12    Int: 19    God:
Gold:   30         SH:  0    Dex: 15    Spells: 4/7 levels left

rFire   . . .      SeeInvis .   d - staff of death
rCold   . . .      Faith    .   (no shield)
rNeg    + . .      Spirit   .   a - +0 robe
rPois   .          Reflect  .   (no helmet)
rElec   .          Harm     .   (no cloak)
rCorr   .          Rampage  .   (no gloves)
Will    .....                   (no boots)
Stlth   ++........              (no amulet)
HPRegen 0.05/turn               b - +6 ring of strength
MPRegen 0.11/turn               (no ring)

@: very slightly contaminated
A: no striking features
a: no special abilities


You were on level 2 of the Dungeon.
You visited 1 branch of the dungeon, and saw 2 of its levels.

You collected 30 gold pieces.

Inventory:

Armour
 a - a +0 robe (worn)
Magical Staves
 d - a staff of death (weapon)
Jewellery
 b - a +6 ring of strength (left hand)
Scrolls
 c - 2 scrolls of identify {unknown}
Potions
 e - 2 potions of brilliance {unknown}
 f - a potion of cancellation {unknown}


   Skills:
 - Level 2.4 Dodging
 - Level 2.4 Stealth
 - Level 3.0 Spellcasting
 * Level 2.0 Conjurations
 + Level 4.2 Fire Magic


You had 4 spell levels left.
You knew the following spells:

 Your Spells              Type           Power      Damage    Failure   Level
a - Foxfire               Conj/Fire      56%        2x1d6     4%          1
b - Scorch                Fire           36%        2d6       4%          2

Your spell library contained the following spells:

 Spells                   Type           Power      Damage    Failure   Level
 Conjure Flame            Conj/Fire      14%        6-21      13%         3
 Inner Flame              Hex/Fire       10%        N/A       19%         3
 Flame Wave               Conj/Fire      14%        2d6       38%         4


Dungeon Overview and Level Annotations

Branches:
Dungeon (2/15)

Altars:

Annotations:
D:2 Jessica


Message History

The worm is heavily wounded.
The worm's fire resistance burns away.
The frilled lizard misses you.
Flames lash the worm.
The worm is burned terribly!
You kill the worm!
The frilled lizard bites you but does no damage.
Your Conjurations skill increases to level 2!
Flames lash the frilled lizard.
You kill the frilled lizard!
Found 19 stones.
You now have 30 gold pieces (gained 8).
f - a fuming coppery potion You open the door.
There is an open door here.
You open the door.
Found two stone staircases leading down.
You open the door.
There is an open door here.
Jessica the Apprentice Sorceress comes into view.
She is wielding a +0 dagger.
Jessica shouts!
Jessica points at you and mumbles some strange words.
You barely resist.
Jessica drinks a potion.
Jessica flickers and vanishes!
Deactivating autopickup; reactivate with Ctrl-A.
You can't see any susceptible monsters within range! (Use Z to cast anyway.)
Casting: Scorch (safe; 4% risk of failure)
Confirm with . or Enter, or press ? or * to list all spells.
Flames lash something.
Casting: Scorch (safe; 4% risk of failure)
Confirm with . or Enter, or press ? or * to list all spells.
You miscast Scorch.
You are very lightly contaminated with residual magic.
Nothing appears to happen.
Something hits you.
You miss something. Something completely misses you.
You barely miss something. Something hits you.
You hit something. Something hits you.
You closely miss something. Something barely misses you.
You closely miss something. Something hits you.
* * * LOW HITPOINT WARNING * * *
Something hits you.
You die...

# ##'## # #.# #
######.##
#.......##
#.###....#
.......#.###
#.#....#...#
#..#####.######.#
#.. #.....@....#
.... #.##########
##### ... ###


There were no monsters in sight!

Vanquished Creatures
  A worm (D:2)
  6 endoplasms (D:1)
  A giant cockroach (D:1)
  A goblin (D:1)
  2 quokkas (D:1)
  2 ball pythons (D:1)
  5 frilled lizards
  2 kobolds
  2 rats (D:1)
22 creatures vanquished.

Vanquished Creatures (others)
  21 foxfires (D:1)
21 creatures vanquished.

Grand Total: 43 creatures vanquished

Notes
Turn   | Place    | Note
-------+----------+-------------------------------------------
     0 | D:1      | nickcage the Deep Elf Fire Elementalist began the quest for
                  | the Orb.
     0 | D:1      | Reached XP level 1. HP: 10/10 MP: 6/6
   264 | D:1      | Reached XP level 2. HP: 15/15 MP: 5/8
   271 | D:1      | Learned a level 2 spell: Scorch
   667 | D:1      | Found a faded altar of an unknown god.
   672 | D:1      | Reached skill level 4 in Fire Magic
  1010 | D:2      | Noticed Jessica
  1020 | D:2      | Slain by Jessica

Illustrated notes

Levels and vault maps discovered:
D:1:      minmay_arrival_glassed_features, layout_basic,
          hellmonk_ecumenical_altar_slurped_away, nrook_mini_backslash
D:2:      layout_loops_corners, minmay_cut_off, uniq_jessica,
          uniq_crazy_yiuf_cottage, uniq_robin

Skill      XL: |  1  2 |
---------------+-------+-----
Fire Magic     | 4 |  4.2
Conjurations   | 2 |  2.0
Dodging        | |  2.4
Stealth        | |  2.4
Spellcasting   | |  3.0

Action                   || total
-------------------------++-------
Melee: Unarmed           ||     1
       Staff             ||     5
 Cast: Foxfire           ||    12
       Scorch            ||    14
Armor: Robe              ||     1
Dodge: Dodged            ||     5
